 Dungeon Crawl Stone Soup version 0.30-a0-808-g6e0788376e (webtiles) character file.

Game seed: 5289822822361928191

112438 KennySheep the Unseen (level 16, -8/135 (146) HPs)
             Began as an Armataur Brigand on Feb 25, 2023.
             Was a Believer of Uskayaw.
             Mangled by a jumping spider (10 damage)
             ... led by a broodmother
             ... on level 1 of the Spider Nest on Feb 26, 2023.
             The game lasted 01:42:59 (27671 turns).

KennySheep the Unseen (Armataur Brigand)           Turns: 27671, Time: 01:43:00

HP:   -8/135 (146)  AC: 13    Str: 18    XL:     16   Next: 11%
MP:   20/26         EV:  7    Int: 12    God:    Uskayaw [**....]
Gold: 2968          SH:  0    Dex: 18    Spells: 15/15 levels left

rFire   . . .      SeeInvis +    a - +9 short sword (elec)
rCold   + + +      Faith    .    S - +0 kite shield {rC+}
rNeg    . . .      Spirit   .    o - +1 steam dragon scales
rPois   .          Reflect  +    h - +0 helmet
rElec   .          Harm     .    R - +1 cloak {rC+}
rCorr   .          Roll     +    c - +0 pair of gloves
Will    +++..                    (no barding)
Stlth   +++                      M - amulet of reflection
HPRegen 0.42/turn                m - ring of see invisible
MPRegen 0.20/turn                U - ring "Reytosea" {rC+ Will++}

@: held, glowing, drained, unable to read
A: large, rugged brown scales 3, deformed body, armoured tail, roll, long
tongue, awkward tongue, stinger 1, inability to read after injury 1, MP-powered
wands
a: Renounce Religion, Stomp, Line Pass


You were on level 1 of the Spider Nest.
You worshipped Uskayaw.
Uskayaw was pleased with you.
You visited 5 branches of the dungeon, and saw 25 of its levels.
You also visited: Sewer and Ice Cave.

You collected 3393 gold pieces.
You spent 425 gold pieces at shops.

Inventory:

Hand Weapons
 a - a +9 short sword of electrocution (weapon)
 N - a +2 antimagic dagger
Missiles
 d - 43 poisoned darts
 e - 4 curare-tipped darts (quivered)
 C - 2 throwing nets
 G - 2 datura-tipped darts
Armour
 c - a +0 pair of gloves (worn)
 h - a +0 helmet (worn)
 o - +1 steam dragon scales (worn)
 R - a +1 cloak of cold resistance (worn)
 S - a +0 kite shield of cold resistance (worn)
Jewellery
 b - a ring of fire
 g - a ring of protection from cold
 k - an amulet of regeneration
 m - a ring of see invisible (left hand)
 p - a ring of resist corrosion
 s - a ring of magical power
 A - a +6 ring of dexterity
 M - an amulet of reflection (around neck)
 U - the ring "Reytosea" (right hand) {rC+ Will++}
   (You found it in an ice cave)

   [ring of protection from cold]

   rC:        It protects you from cold.
   Will:      It greatly increases your willpower.
Wands
 j - a wand of roots (24)
 r - a wand of digging (5)
 t - a wand of flame (34)
 B - a wand of quicksilver (23)
 E - a wand of charming (15)
 Q - a wand of mindburst (4)
Scrolls
 f - a scroll of enchant weapon
 i - a scroll of torment
 l - 6 scrolls of fog
 n - 5 scrolls of amnesia
 u - 2 scrolls of vulnerability
 w - 7 scrolls of teleportation
 y - a scroll of fear
 D - a scroll of noise
 K - 10 scrolls of identify
 L - a scroll of butterflies
Potions
 q - 6 potions of magic
 v - 5 potions of resistance
 x - 3 potions of degeneration
 F - 2 potions of flight
 H - 2 potions of berserk rage
 J - 8 potions of curing
 O - 2 potions of cancellation
 P - 2 potions of brilliance
Miscellaneous
 z - a phantom mirror
 I - a piece from Xom's chessboard (15/15)


   Skills:
 + Level 11.2 Fighting
 + Level 12.3 Short Blades
 - Level 1.7 Throwing
 - Level 7.2 Armour
 + Level 7.6 Dodging
 + Level 16.5 Stealth
 * Level 8.4 Shields
 * Level 14.2 Invocations


You had 15 spell levels left.
You didn't know any spells.
Your spell library contained the following spells:

 Spells                   Type           Power      Damage    Failure   Level
 Cigotuvi's Dreadful Rot  Necr/Pois/Air  0%         N/A       67%         2
 Lesser Beckoning         Tloc           0%         N/A       67%         2
 Wereblood                Tmut           0%         N/A       67%         2
 Gell's Gravitas          Tloc           0%         N/A       88%         3
 Ignite Poison            Fire/Tmut/Pois 0%         N/A       88%         3
 Summon Guardian Golem    Hex/Summ       0%         N/A       88%         3
 Teleport Other           Tloc           0%         N/A       88%         3
 Animate Armour           Summ/Erth      0%         N/A       99%         4
 Animate Dead             Necr           0%         N/A       99%         4
 Dispel Undead            Necr           0%         3d6       99%         4
 Sticky Flame             Conj/Fire      0%         2d3       99%         4
 Blade Hands              Tmut           0%         N/A       100%        5
 Borgnjor's Vile Clutch   Necr/Erth      0%         N/A       100%        5
 Freezing Cloud           Conj/Ice/Air   0%         6-21      100%        5
 Death Channel            Necr           0%         N/A       100%        6
 Eringya's Noxious Bog    Tmut/Pois      0%         N/A       100%        6
 Iron Shot                Conj/Erth      0%         9d1       100%        6
 Simulacrum               Ice/Necr       0%         N/A       100%        6
 Orb of Destruction       Conj           0%         9d5       100%        7
 Spellforged Servitor     Conj/Summ      0%         N/A       100%        7
 Borgnjor's Revivificati  Necr           0%         N/A       100%        8
 Ignition                 Fire           0%         3d3       100%        8
 Necromutation            Tmut/Necr      0%         N/A       100%        8
 Death's Door             Necr           0%         N/A       100%        9
 Polar Vortex             Ice            0%         N/A       100%        9


Dungeon Overview and Level Annotations

Branches:
Dungeon (15/15)            Temple (0/1) D:7            Lair (5/5) D:9
 Shoals (0/4) Lair:2       Spider (1/4) Lair:2        Slime (0/5) Lair:5
    Orc (2/2) D:9             Elf (2/3) Orc:2        Vaults (0/5) D:13
 Depths (0/4) D:15          Sewer (visited)           IceCv (visited)

Altars:
Ashenzari
Cheibriados
Elyvilon
Fedhas
Gozag
Hepliaklqana
Kikubaaqudgha
Makhleb
Nemelex Xobeh
Ru
Sif Muna
Uskayaw
Vehumet
Yredelemnul

Shops:
D:12 (   Orc:2 (![=

Annotations:
D:5 3 runed translucent doors, F1ng0rz's ghost, amateur FoHu
D:8 1 runed translucent door, Rudyous's ghost, novice BaFi


Innate Abilities, Weirdness & Mutations

You are completely covered in rugged brown scales. (AC +3, +7% HP)
Armour fits poorly on your strangely shaped body.
You have a long armoured tail.
You roll when moving toward enemies. (Rampage)
Your long tongue fully drains potion bottles. (2x potion effects)
Your tongue gives you trouble enunciating. (1.5x scroll delay)
Your tail ends in a venomous barb.
You occasionally lose the ability to read scrolls when taking damage.
You expend magic power (3 MP) to strengthen your wands.


Message History

The jumping spider is healed somewhat.
A redback comes into view.
You roll towards the pharaoh ant!
Found a potion of brilliance.
The jumping spider pounces on you.
You are caught in a web!
The jumping spider barely misses you.
The jumping spider leaps!
A redback comes into view.
The culicivora bites you.
The culicivora draws strength from your injuries!
The pharaoh ant bites you!!
The culicivora bites you but does no damage.
The redback moves out of view.
The jumping spider's many legs skitter faintly.
A redback comes into view.
There is a web, spattered with blood here.
You see here a spark wasp corpse.
You stomp with the beat, sending a shockwave through the revellers around you!
You kill the jumping spider!
The pharaoh ant is heavily damaged.
The culicivora is moderately wounded.
The pharaoh ant bites you!!
You feel drained.
The jumping spider leaps!
The culicivora barely misses you. The pharaoh ant bites you!!
You feel threatened and lose the ability to read scrolls!
You feel drained.
* * * LOW HITPOINT WARNING * * *
You stomp with the beat, sending a shockwave through the revellers around you!
The pharaoh ant is severely damaged.
The culicivora is severely wounded.
The jumping spider is heavily wounded.
The jumping spider leaps!
The jumping spider completely misses you.
The jumping spider bites you.
* * * LOW HITPOINT WARNING * * *
The culicivora bites you!
* * * LOW HITPOINT WARNING * * *
The culicivora draws strength from your injuries!
The pharaoh ant bites you!!
* * * LOW HITPOINT WARNING * * *
The culicivora barely misses you.
A redback comes into view.
The jumping spider pounces on you!
You die...

#.#...........#......
........#..$#.#........
...$#...^....s.......##.
.#.....#.#.#......#!#...
....##......#...........
!.#....○....#..#........
.......†.../...#.†.#...#
##....yss.#.#.....!.....
..s..sB@††..†#....#.....
s.#(.s#...<............#
..s.#.s.....#.....$..#..
..........○^.#..#......
..#.....#^.........#...#
...#.......#...........
....#..#...#...........
...$............#.. ...
..... ....


You could see a sun moth, a culicivora, a pharaoh ant, 3 jumping spiders and 5
redbacks.

Vanquished Creatures
  An azure jelly (IceCv)
  2 quicksilver oozes (IceCv)
  2 orc warlords
  A dire elephant (D:15)
  A spark wasp (Spider:1)
  A deep elf death mage (Elf:2)
  An entropy weaver (Spider:1)
  2 ettins (D:15)
  Fannar (Orc:1)
  4 catoblepae
  3 centaur warriors
  4 boulder beetles
  An ogre mage (Orc:2)
  5 two-headed ogres
  5 hydras
  6 dancing weapons (Elf:2)
  11 death yaks
  2 orc high priests (Elf:1)
  Nergalle (D:11)
  3 deep elf knights
  A skyshark (Lair:5)
  Amaemon (D:7)
  6 skeletal warriors
  Pikel (D:5)
  9 deep elf pyromancers
  15 orc sorcerers
  7 orc knights
  6 manticores
  9 deep elf zephyrmancers
  10 cyclopes
  An ice statue (IceCv)
  A moth of wrath (Spider:1)
  16 elephants
  2 black mambas
  An orange demon (D:7)
  A demonic crawler (Spider:1)
  10 cane toads
  2 gargoyles (D:12)
  2 efreet
  2 unseen horrors
  A komodo dragon (shapeshifter) (D:13)
  9 komodo dragons
  A yaktaur (shapeshifter) (D:14)
  3 kobold demonologists
  3 rime drakes
  7 trolls
  2 polar bears
  A wolf spider simulacrum (D:15)
  A hornet (D:7)
  A dream sheep (shapeshifter) (D:14)
  A jumping spider (Spider:1)
  Sigmund (D:5)
  A shadow (D:9)
  2 vampires
  48 slime creatures
  4 wyverns
  44 yaks
  4 water elementals
  A fire elemental (Elf:2)
  2 basilisks
  2 steam dragons
  A redback (Spider:1)
  A two-headed ogre zombie (D:9)
  2 vampire mosquitoes (D:13)
  6 wargs
  2 acid dragons
  13 water moccasins
  An acid dragon (shapeshifter) (D:15)
  Duvessa (D:7)
  2 black bears
  25 orc warriors
  An ice beast (D:5)
  A sky beast (D:7)
  2 great orb of eyes simulacra (IceCv)
  20 ogres
  10 centaurs
  11 wolves
  5 slime creature simulacra (IceCv)
  A phantom (D:9)
  3 kobold brigands
  12 bullfrogs
  2 gnoll sergeants
  2 earth elementals
  3 glowing shapeshifter simulacra (IceCv)
  3 scorpions
  8 wights
  Dowan (D:7)
  7 killer bees
  3 troll zombies (D:9)
  5 howler monkeys
  4 electric eels
  A gnoll bouda (D:10)
  20 orc priests
  A hound (D:5)
  2 jellies
  Jessica (D:3)
  Ijyb (D:3)
  An iguana (D:5)
  40 orc wizards
  5 hell rats (Lair:3)
  A statue (D:3)
  3 shapeshifter simulacra (IceCv)
  4 ogre zombies (D:9)
  19 gnolls
  3 river rats (Sewer)
  9 adders
  A shadow imp (D:7)
  A white imp (D:7)
  An ufetubus (D:5)
  3 worms (D:4)
  73 orcs
  8 ball pythons
  9 bats
  3 endoplasms
  8 giant cockroaches
  6 hobgoblins
  16 jackals
  19 kobolds
  2 quokkas (D:2)
  6 frilled lizards
  5 goblins
  3 goblin skeletons (D:9)
  3 goblin zombies (D:9)
  3 hobgoblin zombies (D:9)
  4 orc skeletons (D:9)
  11 orc zombies (D:9)
  5 rats
  A butterfly (Lair:5)
759 creatures vanquished.

Vanquished Creatures (others)
  A kobold demonologist (D:13)
  An orc wizard (Orc:2)
  23 fungi
  17 plants
42 creatures vanquished.

Grand Total: 801 creatures vanquished

Notes
Turn   | Place    | Note
-------+----------+-------------------------------------------
     0 | D:1      | KennySheep the Armataur Brigand began the quest for the
                  | Orb.
     0 | D:1      | Reached XP level 1. HP: 18/18 MP: 1/1
   166 | D:1      | Reached XP level 2. HP: 21/25 MP: 2/2
   668 | D:1      | You fall into a shaft and drop 1 floor!
   948 | D:1      | Reached XP level 3. HP: 31/31 MP: 3/3
  1469 | D:2      | Reached skill level 5 in Stealth
  1955 | D:3      | Noticed Ijyb
  1967 | D:3      | Killed Ijyb
  1968 | D:3      | Reached XP level 4. HP: 35/38 MP: 4/4
  2045 | D:3      | Noticed Jessica
  2054 | D:3      | Killed Jessica
  2176 | D:3      | Found a burning altar of Makhleb.
  2222 | D:3      | Reached XP level 5. HP: 44/44 MP: 5/5
  2379 | D:3      | Found a radiant altar of Vehumet.
  2379 | D:3      | Noticed a charred statue
  2393 | D:3      | Killed a charred statue
  2472 | D:4      | Identified a scroll of acquirement
  2472 | D:4      | Acquired 896 gold pieces
  2621 | D:4      | Found a hide-covered altar of Uskayaw.
  2621 | D:4      | Noticed a +0 dagger
  2621 | D:4      | Noticed a +0 short sword
  2621 | D:4      | Noticed a +0 falchion
  2622 | D:4      | Noticed a +0 spear
  2622 | D:4      | Noticed a +0 falchion
  2623 | D:4      | Noticed a +0 spear
  2624 | D:4      | Noticed a +0 short sword
  2624 | D:4      | Noticed a +0 dagger
  2625 | D:4      | Became a worshipper of Uskayaw the Reveller
  2647 | D:4      | Reached * piety under Uskayaw
  2654 | D:4      | Reached ** piety under Uskayaw
  2655 | D:4      | Reached XP level 6. HP: 54/54 MP: 6/6
  2707 | D:4      | Found a glowing drain.
  2748 | Sewer    | Entered a sewer
  2781 | Sewer    | Reached skill level 1 in Invocations
  2782 | Sewer    | Reached *** piety under Uskayaw
  2917 | Sewer    | Reached skill level 6 in Stealth
  3022 | Sewer    | Reached skill level 5 in Short Blades
  3343 | D:4      | Reached XP level 7. HP: 24/60 MP: 8/8
  3604 | D:5      | Entered Level 5 of the Dungeon
  3698 | D:5      | Found a runed translucent gate.
  3698 | D:5      | Found a runed translucent gate.
  3699 | D:5      | Found a runed translucent gate.
  3700 | D:5      | Noticed F1ng0rz's ghost (amateur FoHu)
  3716 | D:5      | Noticed Sigmund
  3726 | D:5      | Killed Sigmund
  3911 | D:5      | Reached XP level 8. HP: 70/70 MP: 10/10
  3950 | D:5      | Reached skill level 7 in Stealth
  4191 | D:5      | Noticed Pikel
  4214 | D:5      | Killed Pikel
  4424 | D:6      | Reached skill level 5 in Fighting
  4424 | D:6      | Reached XP level 9. HP: 79/79 MP: 12/12
  4683 | D:6      | Reached skill level 8 in Stealth
  5068 | D:6      | Found a basalt altar of Yredelemnul.
  5672 | D:7      | Noticed Duvessa
  5678 | D:7      | Noticed Dowan
  5680 | D:7      | Killed Dowan
  5686 | D:7      | Killed Duvessa
  5932 | D:7      | Reached skill level 5 in Invocations
  6458 | D:7      | Found a staircase to the Ecumenical Temple.
  6737 | D:8      | Noticed Rudyous's ghost (novice BaFi)
  6737 | D:8      | Noticed Amaemon
  6738 | D:8      | Noticed an orange demon
  6760 | D:7      | Reached **** piety under Uskayaw
  6816 | D:8      | Found a runed translucent door.
  7103 | D:8      | Noticed a two-headed ogre
  7114 | D:7      | Killed a two-headed ogre
  7115 | D:7      | Reached skill level 9 in Stealth
  7115 | D:7      | Reached XP level 10. HP: 67/88 MP: 9/14
  7222 | D:7      | Killed Amaemon
  7223 | D:7      | Reached skill level 1 in Dodging
  7224 | D:7      | HP: 3/88 [poisoned by Amaemon]
  7229 | D:7      | HP: 2/132 [poisoned by Amaemon]
  7449 | D:7      | Killed an orange demon
  7607 | D:8      | Found a sparkling altar of Nemelex Xobeh.
  8067 | D:9      | Found a staircase to the Lair.
  8086 | D:9      | Found a staircase to the Orcish Mines.
  8118 | D:9      | Reached ***** piety under Uskayaw
  8479 | D:9      | Reached skill level 10 in Short Blades
  8479 | D:9      | Reached skill level 10 in Stealth
  8718 | D:10     | Entered Level 10 of the Dungeon
  8739 | D:10     | Reached XP level 11. HP: 95/98 MP: 16/16
  8845 | D:10     | Noticed a two-headed ogre
  8866 | D:10     | Killed a two-headed ogre
  8920 | D:10     | Found an opulent altar of Gozag.
  8924 | D:10     | Found a broken altar of Ashenzari.
  8924 | D:10     | Found a snail-covered altar of Cheibriados.
  8937 | D:10     | Found a hazy altar of Hepliaklqana.
  8940 | D:10     | Found a sacrificial altar of Ru.
  9094 | D:10     | Found a large runed translucent door.
  9095 | D:10     | Found a large runed translucent door.
  9519 | D:10     | Found a white marble altar of Elyvilon.
  9528 | D:10     | Found a blossoming altar of Fedhas.
  9588 | D:11     | Noticed an eight-headed hydra
  9597 | D:11     | Killed an eight-headed hydra
  9741 | D:11     | Noticed Nergalle
  9770 | D:11     | Killed Nergalle
  9771 | D:11     | Reached skill level 11 in Stealth
 10066 | D:12     | Found Umetar's Weapon Shoppe.
 10495 | D:12     | Noticed a deep elf pyromancer
 10499 | D:12     | Killed a deep elf pyromancer
 10810 | D:12     | Reached XP level 12. HP: 95/110 MP: 18/18
 11030 | Lair:1   | Entered Level 1 of the Lair of Beasts
 11034 | Lair:1   | Reached skill level 1 in Armour
 11199 | Lair:1   | Reached skill level 12 in Stealth
 11241 | Lair:1   | You fall into a shaft and drop 1 floor!
 11285 | Lair:2   | Found a staircase to the Shoals.
 11302 | Lair:2   | Found a hole to the Spider Nest.
 11436 | Lair:2   | Reached skill level 5 in Dodging
 12126 | Lair:3   | Noticed a death yak
 12126 | Lair:3   | Noticed a death yak
 12126 | Lair:3   | Noticed a death yak
 12760 | Lair:3   | Noticed a catoblepas
 12760 | Lair:3   | Noticed a five-headed hydra
 12778 | Lair:3   | Killed a catoblepas
 12794 | Lair:3   | Killed a five-headed hydra
 13090 | Lair:3   | Noticed a death yak
 13116 | Lair:3   | Killed a death yak
 13119 | Lair:3   | Killed a death yak
 13175 | Lair:3   | Reached skill level 13 in Stealth
 13227 | Lair:3   | Reached skill level 10 in Invocations
 13821 | Lair:3   | Noticed a death yak
 13823 | Lair:3   | Noticed a death yak
 13838 | Lair:3   | Killed a death yak
 13840 | Lair:3   | Killed a death yak
 13841 | Lair:3   | Reached XP level 13. HP: 68/118 MP: 20/20
 14825 | Lair:4   | Reached ****** piety under Uskayaw
 15046 | Lair:4   | Reached skill level 5 in Armour
 15446 | Lair:5   | Entered Level 5 of the Lair of Beasts
 15732 | Lair:5   | Reached skill level 14 in Stealth
 15792 | Lair:5   | Found a staircase to the Slime Pits.
 17074 | Lair:5   | Reached XP level 14. HP: 110/127 MP: 13/22
 17196 | Lair:5   | Got the Opusculum on the Bonfire and Moulding
 17618 | Orc:1    | Entered Level 1 of the Orcish Mines
 17717 | Orc:1    | Noticed Fannar
 17729 | Orc:1    | Reached skill level 15 in Stealth
 17735 | Orc:1    | Killed Fannar
 17736 | Orc:1    | Reached skill level 10 in Fighting
 18022 | Orc:2    | Entered Level 2 of the Orcish Mines
 18078 | Orc:2    | Found a frozen archway.
 18100 | IceCv    | Entered an ice cave
 18346 | IceCv    | Noticed a quicksilver ooze
 18350 | IceCv    | Killed a quicksilver ooze
 18389 | IceCv    | Noticed a quicksilver ooze
 18391 | IceCv    | Found a viscous altar of Jiyva.
 18391 | IceCv    | Noticed an azure jelly
 18394 | IceCv    | Killed a quicksilver ooze
 18615 | IceCv    | Killed an azure jelly
 18982 | IceCv    | Got the ring "Reytosea" {rC+ Will++}
 19262 | Orc:2    | Reached skill level 1 in Shields
 19277 | Orc:2    | Noticed an orc warlord
 19456 | Orc:2    | Found a staircase to the Elven Halls.
 19574 | Orc:2    | Found Ifaetead's Jewellery Shoppe.
 19584 | Orc:2    | Gained mutation: You sometimes lose your temper in combat.
                  | [a neqoxec]
 19586 | Orc:2    | Gained mutation: You are frail. (-10% HP) [a neqoxec]
 19592 | Orc:2    | Lost mutation: You are frail. (-10% HP) [potion of
                  | mutation]
 19592 | Orc:2    | Lost mutation: You sometimes lose your temper in combat.
                  | [potion of mutation]
 19592 | Orc:2    | Gained mutation: You are vulnerable to heat. (rF-) [potion
                  | of mutation]
 19592 | Orc:2    | Gained mutation: You occasionally lose the ability to read
                  | scrolls when taking damage. [potion of mutation]
 19592 | Orc:2    | Gained mutation: You expend magic power (3 MP) to
                  | strengthen your wands. [potion of mutation]
 19592 | Orc:2    | Lost mutation: You are vulnerable to heat. (rF-) [potion of
                  | mutation]
 19592 | Orc:2    | Gained mutation: Your tail ends in a venomous barb. [potion
                  | of mutation]
 19748 | Orc:2    | Found Bytzoex's Distillery.
 19769 | Orc:2    | Bought a potion of heal wounds for 85 gold pieces
 19769 | Orc:2    | Bought a potion of resistance for 170 gold pieces
 19769 | Orc:2    | Bought a potion of resistance for 170 gold pieces
 19791 | Orc:2    | Found an ancient bone altar of Kikubaaqudgha.
 19821 | Orc:2    | Found a radiant altar of Vehumet.
 19904 | Orc:2    | Found Vari's Antique Weapon Shoppe.
 19929 | Orc:2    | Noticed an orc warlord
 20022 | Orc:2    | Killed an orc warlord
 20306 | Orc:2    | Found Riceawy's Antique Armour Shoppe.
 21865 | D:13     | Reached XP level 15. HP: 136/136 MP: 24/24
 22288 | D:13     | Found a gate to the Vaults.
 22570 | D:14     | Reached skill level 5 in Shields
 22625 | D:14     | Found a broken altar of Ashenzari.
 23727 | D:15     | Entered Level 15 of the Dungeon
 23729 | D:15     | Reached skill level 16 in Stealth
 23979 | D:15     | Found a staircase to the Depths.
 25265 | Orc:2    | Identified the +2 leather armour of the Evil One {rC- Dex+4
                  | SInv}
 25449 | Elf:1    | Entered Level 1 of the Elven Halls
 25642 | Elf:1    | You fall into a shaft and drop 1 floor!
 25925 | Elf:2    | Identified the +0 robe of Dim Light {rElec MP-9 Str+2}
 26420 | Elf:2    | Found a shimmering blue altar of Sif Muna.
 26421 | Elf:2    | Upgraded the game from 0.30-a0-802-gb92711bcdf to
                  | 0.30-a0-808-g6e0788376e
 26604 | Elf:2    | Reached XP level 16. HP: 44/146 MP: 16/26
 27637 | Spider:1 | Entered Level 1 of the Spider Nest
 27671 | Spider:1 | HP: 2/135 [pharaoh ant (21)]
 27671 | Spider:1 | Mangled by a jumping spider

Illustrated notes

Levels and vault maps discovered:
D:1:      minmay_arrival_open_corners, layout_loops_corners, item_on_display_a
D:2:      layout_basic
D:3:      layout_rooms, vehumet_statue, lemuel_round_altar,
          amcnicky_mini_corridor_feature, uniq_jessica, uniq_ijyb
D:4:      layout_loops_cross, nicolae_uskayaw_en_pointe, serial_glass,
          glass_columns_a, glass_columns_b, cheibrodos_sewer_entry_sluice
D:5:      layout_basic, ebering_ghost_rock_garden, uniq_pikel, uniq_sigmund
D:6:      layout_gridville, nicolae_overflow_hidden_temple
D:7:      layout_layer_cave, minmay_temple_entry_fiery,
          chequers_ossuary_entry_cave, st_stairs_10,
          nicolae_kite_square_tiling_tiny, uniq_duvessa
D:8:      layout_cave_pools, nemelex_xobeh_ov_fountains_minmay,
          hellmonk_ghost_big_iron, chequers_serial_rivers_room_a, uniq_amaemon
D:9:      layout_roguey, dpeg_oklobed_lair, zombieorc2_lemuel
D:10:     layout_irregular_city, minmay_overflow_temple_star_hex,
          jmf_multi_god_temple2
D:11:     layout_rooms, uniq_nergalle
D:12:     layout_long_grid, serial_shops, shop
D:13:     layout_basic, david_vaults_1
D:14:     layout_long_grid, nicolae_ashenzari_panopticon
D:15:     hangedman_depths_entry_try_elsewhere_first, layout_gridville,
          hangedman_decor_points, minmay_checkered_concentric_circles
Lair:1:   layout_cave_shapes, chequers_serial_rivers_small_a,
          nicolae_quartered_pool_super
Lair:2:   layout_chaotic_city, shoals_dummy_entry, spider_nest_entry_web_field
Lair:3:   layout_hall_layers, amcnicky_mini_pool_medium
Lair:4:   layout_roguey, beast_lair_carwin_9, grunt_megastairs_1
Lair:5:   evilmike_catoblepas_cave, layout_cave_pods,
          minmay_slime_entry_pillars, infiniplex_staircase_pool,
          lemuel_fruit_fields
Spider:1: layout_spider_delve
Orc:1:    layout_diamond_mine, basic_altar, uniq_fannar
Orc:2:    kennysheep_orc_mage_school, layout_caves,
          portal_ice_cave_entry_pillars_1, minmay_orc_treasury
Elf:1:    nicolae_elf_arrival_no_cutting_in_line, layout_loops_cross,
          hangedman_corner_corridor
Elf:2:    nicolae_elf_blades_crystal_corner, layout_geoelf_diagonals,
          basic_altar, nicolae_elf_glass_and_crystal_pillar_2, lemuel_elevator

Skill      XL: |  1  2  3  4  5  6  7  8  9 10 11 12 13 14 15 |
---------------+----------------------------------------------+-----
Short Blades   | 2 3 4 5 7 8 10 11 12 | 12.3
Fighting       | 2 3 4 5 6 7 8 9 10 11 | 11.2
Stealth        | 5 6 7 9 10 11 13 14 15 16 | 16.5
Invocations    | 2 4 5 6 8 10 11 13 14 | 14.2
Dodging        | 2 4 5 6 7 |  7.6
Armour         | 4 6 7 |  7.2
Shields        | 4 8 |  8.4
Throwing       | |  1.7

Action                     |  1- 3 |  4- 6 |  7- 9 | 10-12 | 13-15 | 16-18 || total
---------------------------+-------+-------+-------+-------+-------+-------++-------
  Melee: Dagger            |    42 |       |       |       |       |       ||    42
         Tailslap          |     4 |    18 |    15 |    92 |   199 |     7 ||   335
         Short sword       |    69 |   137 |   148 |   517 |  1128 |    37 ||  2036
         Punch             |       |     1 |     2 |     8 |     4 |       ||    15
  Throw: Dart              |       |       |       |     6 |     1 |       ||     7
 Invoke: Line Pass         |       |       |     6 |    12 |    24 |       ||    42
         Stomp             |       |       |     1 |     9 |    48 |     7 ||    65
         Grand Finale      |       |       |       |       |     1 |       ||     1
  Evoke: Wand              |       |       |       |       |     2 |     1 ||     3
    Use: Scroll            |     3 |    10 |     3 |     8 |     6 |     4 ||    34
         Potion            |       |     3 |     9 |     6 |     3 |     4 ||    25
   Stab: Sleeping          |    15 |    23 |    23 |    37 |    69 |     4 ||   171
         Paralysed         |       |       |     3 |    21 |    53 |     2 ||    79
         Confused          |       |       |     5 |     9 |    19 |       ||    33
         Distracted        |       |       |     1 |     3 |     7 |       ||    11
         Held in net/web   |       |       |       |     2 |       |       ||     2
 Armour: Robe              |    53 |    34 |    28 |    16 |       |       ||   131
         Steam dragon scal |       |       |       |    88 |   161 |     6 ||   255
  Dodge: Dodged            |    36 |    44 |    43 |   137 |   302 |    10 ||   572
  Block: Other             |       |       |       |    19 |    45 |       ||    64
         Kite shield       |       |       |       |       |   304 |    18 ||   322
         Reflection        |       |       |       |       |    13 |       ||    13

Table legend: (Time is in decaauts)
 A = Elapsed time spent in this place.
 B = Non-inter-level travel time spent in this place.
 C = Inter-level travel time spent in this place.
 D = Time resting spent in this place.
 E = Time spent auto-exploring this place.
 F = Levels seen in this place.
 G = Mean time per level.
                   A        B        C        D        E       F      G
               +--------+--------+--------+--------+--------+-----+--------+
         Total |  26845 |  24594 |   2251 |   5578 |  14225 |  27 |  994.3 |
       Dungeon |  14751 |  13159 |   1592 |   1718 |   9090 |  15 |  983.4 |
          Lair |   6106 |   5757 |    349 |   1447 |   3430 |   5 | 1221.2 |
   Spider Nest |     28 |     28 |      0 |      0 |      0 |   1 |   28.0 |
  Orcish Mines |   3020 |   2725 |    295 |    965 |   1046 |   2 | 1510.0 |
   Elven Halls |   1531 |   1517 |     14 |    968 |    216 |   2 |  765.5 |
         Sewer |    478 |    478 |      0 |      0 |    328 |   1 |  478.0 |
      Ice Cave |    928 |    928 |      0 |    480 |    115 |   1 |  928.0 |
               +--------+--------+--------+--------+--------+-----+--------+

Top non-repeatable levels by time:
  Lair:5: 1982 daAuts
     D:7: 1954 daAuts
   Orc:2: 1949 daAuts
  Lair:3: 1683 daAuts
    D:14: 1490 daAuts
   Elf:2: 1306 daAuts
  Lair:4: 1166 daAuts
     D:6: 1144 daAuts
    D:13: 1138 daAuts
    D:15: 1129 daAuts
   Orc:1: 1070 daAuts
  Lair:2: 1012 daAuts
    D:12: 989 daAuts
     D:1: 981 daAuts
     D:2: 960 daAuts
